 Dungeon Crawl Stone Soup version 0.21-a0-513-gdcb3f5e (webtiles) character file.

4210 KristoblXynda the Cleaver (level 10, -2/76 (77) HPs)
             Began as a Green Draconian Fighter on Dec 2, 2017.
             Was a Priest of Yredelemnul.
             Slain by a two-headed ogre
             ... wielding a +0 giant club
              (20 damage)
             ... on level 8 of the Dungeon.
             The game lasted 00:17:52 (8171 turns).

KristoblXynda the Cleaver (Green Draconian Fighter) Turns: 8171, Time: 00:17:53

HP:   -2/76 (77)    AC: 10    Str: 22      XL:     10   Next: 8%
MP:   13/13         EV: 13    Int: 13      God:    Yredelemnul [***...]
Gold: 357           SH: 11    Dex:  9 (10) Spells: 9/9 levels left

rFire    . . .     SeeInvis +   z - +2 war axe (chop)
rCold    . . .     Gourm    .   b - +0 shield
rNeg     . . .     Faith    .   (armour unavailable)
rPois    +         Spirit   .   (helmet restricted)
rElec    .         Reflect  .   C - +1 cloak {rPois}
rCorr    .         Harm     .   (no gloves)
MR       .....                  A - +0 pair of boots (curse)
Stlth    +.........             v - amulet of rage
HPRegen  0.22/turn              m - ring of flight
MPRegen  0.13/turn              s - ring of see invisible

@: short of breath
A: breathe noxious fumes, unfitting armour, hooves 2, clever 1, deterioration 1,
poison resistance, strong 1, cold-blooded, AC +7
a: Breathe Noxious Fumes, Recall Undead Slaves, Injury Mirror, Animate Dead,
Renounce Religion, Evoke Berserk Rage, Evoke Flight


You were on level 8 of the Dungeon.
You worshipped Yredelemnul.
Yredelemnul was most pleased with you.
You were not hungry.

You visited 2 branches of the dungeon, and saw 9 of its levels.
You also visited: Ossuary.

You collected 357 gold pieces.

Inventory:

Hand Weapons
 z - a +2 war axe of chopping (weapon)
 B - a +1 whip of electrocution
Armour
 b - a +0 shield (worn)
 A - a cursed +0 pair of boots (worn)
 C - a +1 cloak of poison resistance (worn)
Jewellery
 m - a ring of flight (left hand)
 s - a ring of see invisible (right hand)
 v - an amulet of rage (around neck)
Wands
 a - a wand of acid (6)
 u - a wand of paralysis (4)
 E - a wand of iceblast (21)
Scrolls
 e - a scroll of fear
 g - 3 scrolls of magic mapping
 h - a scroll of fog
 i - 2 scrolls of immolation
 t - 2 scrolls of teleportation
 y - 3 scrolls of enchant armour
Potions
 c - 2 potions of might
 j - a potion of heal wounds
 k - a potion of invisibility {unknown}
 l - 2 potions of brilliance
 n - 3 potions of flight
 o - 3 potions of haste
 q - a potion of berserk rage {unknown}
 r - 3 potions of ambrosia
 w - a potion of lignification {unknown}
 x - 3 potions of curing
 D - 2 potions of magic
 F - a potion of mutation {unknown}
Comestibles
 d - 2 bread rations


   Skills:
 - Level 3.2 Fighting
 + Level 10.5 Axes
 - Level 6.0 Dodging
 + Level 7.9 Shields
 + Level 4.5 Invocations
 + Level 0.9 Evocations


You had 9 spell levels left.
You didn't know any spells.

Dungeon Overview and Level Annotations

Branches:
Dungeon (8/15)             Temple (1/1) D:4
   Lair: D:8-11

Altars:
Fedhas
Hepliaklqana
Kikubaaqudgha
Makhleb
Nemelex Xobeh
Okawaru
Qazlal
Ru
Trog
Uskayaw
Vehumet
Wu Jian
Xom
Yredelemnul
Zin


Innate Abilities, Weirdness & Mutations

You can breathe blasts of noxious fumes.
Your lurid green scales are hard. (AC +7)
You cannot fit into any form of body armour.
Your system is resistant to poisons. (rPois)
You are cold-blooded and may be slowed by cold attacks.
You have hoof-like feet.
Your mind is acute. (Int +2)
Your body sometimes deteriorates upon taking damage.
Your muscles are strong. (Str +2)


Message History

The two-headed ogre is moderately wounded.
The two-headed ogre is engulfed in noxious fumes.
The two-headed ogre hits you with a giant club! x2
You hit the two-headed ogre.
The two-headed ogre is moderately wounded.
The centaur is engulfed in noxious fumes.
The centaur appears confused.
You slash the two-headed ogre!
The two-headed ogre is severely wounded.
The two-headed ogre seems less confused.
The two-headed ogre is engulfed in noxious fumes.
The two-headed ogre appears confused.
A hungry ghost comes into view.
The centaur is engulfed in noxious fumes.
The centaur appears confused.
The two-headed ogre hits you with a giant club!
* * * LOW HITPOINT WARNING * * *
The two-headed ogre hits you with a giant club!!
You die...
Your body rises from the dead as a mindless zombie.

#..###... #..##....
#........ ###
#.###....
##.########.####...
#..................
##.####.#########.#
#†# #.# ### #@# #†#
#O# #.# #§# #.##
c.# #..# ..§# ####
..... _..W..
....... ....♣.c_.


You could see a two-headed ogre (confused), a hungry ghost and a centaur
(confused).

Vanquished Creatures
  The ghost of Thaneod the Fighter, a novice OgBe of Trog (D:5)
  Pikel (D:6)
  Eustachio (D:6)
  Menkaure (Ossuary)
  Edmund (D:4)
  A water moccasin (D:6)
  An ice beast (D:5)
  3 slaves (D:6)
  A black bear (D:6)
  2 orc warriors (D:6)
  2 sky beasts (D:6)
  A necrophage (D:7)
  2 ogres (D:6)
  A centaur (D:6)
  An elf zombie (Ossuary)
  2 bullfrogs
  3 scorpions
  2 killer bees (D:7)
  A troll zombie (Ossuary)
  4 howler monkeys
  3 centaur zombies
  3 crimson imps
  A jelly (D:7)
  2 hounds
  2 orc wizards (D:7)
  Crazy Yiuf (D:6)
  4 orc priests
  A bullfrog skeleton (D:5)
  Natasha (thrice) (D:4)
  2 iguanas
  3 worker ants
  2 big kobold zombies (Ossuary)
  2 ogre zombies (Ossuary)
  6 mummies (Ossuary)
  A hound zombie (D:5)
  A worker ant zombie (D:5)
  8 adders
  A shadow imp (D:5)
  2 oozes
  2 adder zombies
  4 worms
  4 dart slugs (D:1)
  5 leopard geckos
  25 orcs
  6 bats
  2 bat zombies (D:4)
  7 giant cockroaches
  A gnoll zombie (Ossuary)
  10 goblins
  7 hobgoblins
  7 jackals
  6 kobolds
  5 quokkas
  6 frilled lizards
  A giant cockroach zombie (D:5)
  4 goblin zombies (Ossuary)
  A jackal zombie (D:8)
  8 kobold zombies (Ossuary)
  A leopard gecko skeleton (D:7)
  2 quokka skeletons
  4 quokka zombies (Ossuary)
  5 rats
  7 rat zombies
210 creatures vanquished.

Notes
Turn   | Place    | Note
-------+----------+-------------------------------------------
     0 | D:1      | KristoblXynda the Draconian Fighter began the quest for the Orb.
     0 | D:1      | Reached XP level 1. HP: 19/19 MP: 1/1
   131 | D:1      | Reached XP level 2. HP: 23/26 MP: 2/2
   338 | D:1      | Reached XP level 3. HP: 23/31 MP: 3/3
   430 | D:1      | Reached skill level 3 in Axes
  1377 | D:2      | Reached XP level 4. HP: 38/38 MP: 4/4
  2086 | D:3      | Found a sacrificial altar of Ru.
  2321 | D:3      | Reached skill level 4 in Axes
  2325 | D:3      | Reached XP level 5. HP: 41/45 MP: 5/5
  2453 | D:4      | Noticed Natasha
  2493 | D:4      | Noticed Edmund
  2520 | D:4      | Killed Edmund
  2520 | D:4      | Reached XP level 6. HP: 39/51 MP: 6/6
  2522 | D:4      | Reached skill level 5 in Axes
  2613 | D:4      | Killed Natasha
  2753 | D:4      | Noticed Natasha
  2760 | D:4      | Killed Natasha
  2776 | D:4      | Noticed Natasha
  2782 | D:4      | Killed Natasha
  2785 | D:4      | Found a staircase to the Ecumenical Temple.
  2801 | Temple   | Entered the Ecumenical Temple
  2832 | Temple   | Became a worshipper of Yredelemnul the Dark
  2986 | D:4      | Found an ancient bone altar of Kikubaaqudgha.
  3498 | D:4      | Your scales start taking on a lurid green colour.
  3498 | D:4      | Reached XP level 7. HP: 44/57 MP: 7/7
  3498 | D:4      | Gained mutation: Your system is resistant to poisons. (rPois) [Green Draconian growth]
  3548 | D:4      | Found a burning altar of Makhleb.
  3619 | D:5      | Entered Level 5 of the Dungeon
  3693 | D:5      | Noticed Thaneod's ghost (novice OgBe)
  3707 | D:5      | Reached skill level 6 in Axes
  3707 | D:5      | Reached skill level 5 in Shields
  4256 | D:5      | Killed Thaneod's ghost
  4256 | D:5      | Reached * piety under Yredelemnul
  4256 | D:5      | Reached skill level 7 in Axes
  4256 | D:5      | Reached skill level 5 in Dodging
  4256 | D:5      | Reached XP level 8. HP: 28/63 MP: 8/8
  4638 | D:6      | Reached skill level 8 in Axes
  4775 | D:6      | Found a runed door.
  4779 | D:6      | Noticed Crazy Yiuf
  4782 | D:6      | Killed Crazy Yiuf
  4966 | D:6      | Found a blossoming altar of Fedhas.
  4976 | D:6      | Reached XP level 9. HP: 50/70 MP: 9/9
  5046 | D:6      | Noticed Eustachio
  5339 | D:6      | Reached skill level 1 in Invocations
  5345 | D:6      | Gained mutation: Your body sometimes deteriorates upon taking damage. [mutagenic meat]
  5347 | D:6      | Gained mutation: Your muscles are strong. (Str +2) [mutagenic meat]
  5348 | D:6      | Gained mutation: Your mind is acute. (Int +2) [mutagenic meat]
  5349 | D:6      | Gained mutation: You have large cloven feet. [mutagenic meat]
  5350 | D:6      | Gained mutation: You have hoof-like feet. [mutagenic meat]
  5362 | D:6      | Reached skill level 9 in Axes
  5443 | D:6      | Reached ** piety under Yredelemnul
  5470 | D:6      | Killed Eustachio
  5699 | D:6      | Found a radiant altar of Vehumet.
  5774 | D:6      | Noticed Pikel
  5880 | D:6      | Killed Pikel
  6532 | D:7      | Paralysed by an orc for 6 turns
  6610 | D:7      | Reached skill level 10 in Axes
  7444 | D:8      | Found a sand-covered staircase.
  7456 | Ossuary  | Entered an ossuary
  7813 | Ossuary  | Reached *** piety under Yredelemnul
  7843 | Ossuary  | Reached XP level 10. HP: 76/76 MP: 13/13
  7973 | Ossuary  | Noticed Menkaure
  7990 | Ossuary  | Killed Menkaure
  8159 | D:8      | Noticed a two-headed ogre
  8161 | D:8      | Found a sparkling altar of Nemelex Xobeh.
  8161 | D:8      | Found a bloodstained altar of Trog.
  8171 | D:8      | Slain by a two-headed ogre

Vault maps used:
D:1:      matt_arrival_spirals
D:2:      first_bread
D:3:      nicolae_ru_the_path_less_chosen
D:4:      kennysheep_mini, lemuel_zombie_altar_kikubaaqudgha,
          minmay_temple_entry_statues_fountains, roderic_lattice_a,
          grunt_ministairs_2, uniq_edmund, uniq_natasha
D:6:      nicolae_overflow_crystal_walls, kennysheep_flooded_box,
          uniq_eustachio, uniq_pikel, uniq_crazy_yiuf_cottage
D:8:      kennysheep_big_flooded_room, grunt_gozag_statues, led_sif_pool,
          lemuel_coloured_pillars_altar, grunt_temple_overflow_open,
          enter_ossuary_3
Temple:   eino_temple_lava
Ossuary:  ossuary_boxes_badplayer

Skill      XL: |  1  2  3  4  5  6  7  8  9 |
---------------+----------------------------+-----
Dodging        | 3 4 5 6 |  6.0
Axes           | 3 4 5 7 8 10 | 10.5
Shields        | 4 5 6 7 |  7.9
Invocations    | 4 |  4.5
Fighting       | |  3.2
Evocations     | |  0.9

Action                   |  1- 3 |  4- 6 |  7- 9 | 10-12 || total
-------------------------+-------+-------+-------+-------++-------
Melee: War axe           |   145 |   133 |   339 |    61 ||   678
       Tailslap          |    13 |    15 |    38 |     5 ||    71
 Abil: Breathe Noxious F |       |       |     6 |     1 ||     7
Evoke: Wand              |       |       |     1 |       ||     1
  Use: Potion            |       |     3 |     3 |       ||     6
       Scroll            |       |     3 |    10 |     5 ||    18
 Stab: Sleeping          |     1 |       |     1 |       ||     2
       Confused          |       |       |     1 |       ||     1
  Eat: Bread ration      |       |     1 |       |       ||     1
       Chunk             |       |     4 |    16 |       ||    20
       Royal jelly       |       |       |     2 |       ||     2
       Meat ration       |       |       |     1 |       ||     1
Armor: Skin              |    56 |    19 |   107 |     8 ||   190
Dodge: Dodged            |    60 |    69 |   179 |    17 ||   325
Block: Shield            |    80 |    58 |   215 |    16 ||   369

Table legend:
 A = Spawn XP
 B = Non-spawn XP
 C = Spawn XP percentage of total XP
 D = Spawn monster count
 E = Non-spawn monster count
 F = Spawn count percentage of total count
 G = Total turns spent on level
                    A         B        C        D         E        F      G
               +---------+---------+-------+---------+---------+-------+---------
         Total |       0 |    6015 |   0.0 |       0 |     207 |   0.0 |  8171
               +---------+---------+-------+---------+---------+-------+---------
           D:1 |       0 |      52 |   0.0 |       0 |      25 |   0.0 |   540
           D:2 |       0 |      45 |   0.0 |       0 |      25 |   0.0 |   865
           D:3 |       0 |     183 |   0.0 |       0 |      19 |   0.0 |  1074
           D:4 |       0 |     479 |   0.0 |       0 |      18 |   0.0 |  1097
           D:5 |       0 |    1206 |   0.0 |       0 |      16 |   0.0 |   983
           D:6 |       0 |    2399 |   0.0 |       0 |      35 |   0.0 |  2162
           D:7 |       0 |     821 |   0.0 |       0 |      27 |   0.0 |   679
           D:8 |       0 |     161 |   0.0 |       0 |       5 |   0.0 |    63
       Ossuary |       0 |     669 |   0.0 |       0 |      37 |   0.0 |   665
               +---------+---------+-------+---------+---------+-------+---------
